 Dungeon Crawl Stone Soup version 0.24.1-4-ge52af88ad5 (webtiles) character file.

Game seed: 15194016261781713857, levelgen mode: deterministic

321 MajorAdolf the Chopper (level 6, -11/57 HPs)
             Began as a Naga Wanderer on Apr 12, 2020.
             Mangled by an ogre
             ... wielding a +0 giant club
              (21 damage)
             ... on level 4 of the Dungeon.
             The game lasted 00:06:44 (4025 turns).

MajorAdolf the Chopper (Naga Wanderer)              Turns: 4025, Time: 00:06:45

Health: -11/57     AC:  8    Str: 18    XL:     6   Next: 46%
Magic:  15/15      EV:  5    Int: 16    God:
Gold:   222        SH:  0    Dex:  9    Spells: 5/5 levels left

rFire    . . .     SeeInvis +   h - +0 hand axe
rCold    . . .     Gourm    .   (no shield)
rNeg     . . .     Faith    .   l - +0 chain mail
rPois    +         Spirit   .   p - +0 helmet
rElec    .         Reflect  .   (no cloak)
rCorr    .         Harm     .   (no gloves)
MR       .....                  (no barding)
Stlth    ..........             (no amulet)
HPRegen  0.19/turn              a - +4 ring of intelligence
MPRegen  0.14/turn              r - ring of magical power

@: very slow
A: large, see invisible, deformed body, poison resistance, slowness 2, slow
metabolism 1, spit poison 1, AC +2
a: Spit Poison


You were on level 4 of the Dungeon.
You were not hungry.

You visited 1 branch of the dungeon, and saw 4 of its levels.

You collected 222 gold pieces.

Inventory:

Hand Weapons
 h - a +0 hand axe (weapon)
Armour
 l - a +0 chain mail (worn)
 p - a +0 helmet (worn)
Jewellery
 a - a +4 ring of intelligence (left hand)
 r - a ring of magical power (right hand)
Wands
 q - a wand of polymorph (16)
Scrolls
 c - 2 scrolls of remove curse
 d - 2 scrolls of teleportation {unknown}
 e - 2 scrolls of amnesia {unknown}
 m - a scroll of fear {unknown}
 o - 3 scrolls of identify
 t - a scroll of enchant weapon {unknown}
Potions
 b - a potion of heal wounds
 g - a potion of haste {unknown}
 i - a potion of degeneration {unknown}
 j - 2 potions of curing
 k - a potion of invisibility {unknown}
 n - a potion of agility {unknown}
Comestibles
 f - 7 rations


   Skills:
 - Level 4.0 Fighting
   Level 1.0 Long Blades
 + Level 5.0 Axes
   Level 1.0 Bows
 - Level 1.0 Throwing
 - Level 3.0 Armour
 - Level 1.5 Stealth
 - Level 1.0 Evocations


You had 5 spell levels left.
You didn't know any spells.
Your spell library was empty.

Dungeon Overview and Level Annotations

Branches:
Dungeon (4/15)
 Temple: D:4-7

Altars:
Cheibriados


Innate Abilities, Weirdness & Mutations

You cannot wear boots.
Your serpentine skin is tough. (AC +2)
You have supernaturally acute eyesight. (SInv)
Armour fits poorly on your strangely shaped body.
Your system is resistant to poisons. (rPois)
You cover ground very slowly.
You have a slow metabolism.
You can spit poison.


Message History

You slash the ogre!
The ogre is severely wounded.
You hit the ogre.
The ogre is almost dead.
The ogre hits you with a +0 giant club!!
* * * LOW HITPOINT WARNING * * *
You are too injured to fight recklessly!
You are too injured to fight recklessly!
Unknown command.
You hit the ogre but do no damage.
The ogre is almost dead.
You have got your breath back.
The ogre hits you with a +0 giant club.
* * * LOW HITPOINT WARNING * * *
Unknown command.
You hit the ogre.
The ogre is almost dead.
The ogre looks more healthy.
The ogre hits you with a +0 giant club!!
You die...

#.......#...##.##.#
#.########.###.##.# #.#
#.# #.##.### #.# #.#
#.##.... #.#
#.###.##..## #.#
#.........# ####.####
#.........# #.......#
#..........#
#.#####@####..(.......#
#. #O†.##.........## #
#.#.##.........#
#.#.##.........#
#.#.##..###.##.#
........#.# ...O....###
.......## .......


You could see an ogre.

Vanquished Creatures
  A scorpion (D:3)
  2 hounds
  Ijyb (D:3)
  A worker ant (D:2)
  Robin (D:1)
  5 gnolls
  3 adders
  A worm (D:2)
  2 dart slugs (D:2)
  2 leopard geckos
  3 orcs (D:4)
  4 bats
  2 giant cockroaches
  13 hobgoblins
  2 quokkas
  2 ball pythons
  4 frilled lizards
  11 goblins
  6 kobolds
  5 rats
71 creatures vanquished.

Notes
Turn   | Place    | Note
-------+----------+-------------------------------------------
     0 | D:1      | MajorAdolf the Naga Wanderer began the quest for the Orb.
     0 | D:1      | MajorAdolf set off with the following items: a +2 dagger, a
                  | potion of heal wounds, a +0 mace, a +0 falchion, a +0 robe,
                  | a ration
     0 | D:1      | Reached XP level 1. HP: 22/22 MP: 1/1
   175 | D:1      | Reached skill level 1 in Axes
   453 | D:1      | Reached XP level 2. HP: 30/30 MP: 2/2
   781 | D:1      | Reached skill level 2 in Axes
  1245 | D:2      | Reached XP level 3. HP: 36/36 MP: 3/3
  1994 | D:2      | Reached skill level 3 in Axes
  1994 | D:2      | Reached XP level 4. HP: 24/44 MP: 4/4
  2004 | D:2      | Noticed Robin
  2016 | D:1      | Killed Robin
  2809 | D:2      | Found a snail-covered altar of Cheibriados.
  3098 | D:3      | Noticed Ijyb
  3118 | D:3      | Killed Ijyb
  3118 | D:3      | Reached XP level 5. HP: 45/50 MP: 5/5
  3200 | D:3      | Reached skill level 4 in Axes
  3422 | D:3      | Reached XP level 6. HP: 51/57 MP: 6/6
  3964 | D:4      | Reached skill level 5 in Axes
  4025 | D:4      | Mangled by an ogre

Levels and vault maps discovered:
D:1:      dpeg_arrival_stone_temple_mockup, layout_loops_corners
D:2:      layout_basic, kennysheep_slug_shrine, uniq_robin
D:3:      layout_basic, first_ration, uniq_terence, uniq_ijyb
D:4:      layout_loops_ring, grunt_temple_overflow_gold_and_silver

Skill      XL: |  1  2  3  4  5  6 |
---------------+-------------------+-----
Axes           | 1 2 3 4 5 |  5.0
Armour         | 2 3 |  3.0
Fighting       | |  4.0
Long Blades    | |  1.0
Bows           | |  1.0
Throwing       | |  1.0
Stealth        | |  1.5
Evocations     | |  1.0

Action                   |  1- 3 |  4- 6 || total
-------------------------+-------+-------++-------
Melee: Hand axe          |   109 |   179 ||   288
 Abil: Spit Poison       |     8 |    10 ||    18
  Use: Potion            |     1 |     1 ||     2
       Scroll            |       |     2 ||     2
  Eat: Chunk             |     3 |     6 ||     9
Armor: Ring mail         |    41 |       ||    41
       Chain mail        |    36 |   100 ||   136
Dodge: Dodged            |    38 |    36 ||    74
